 Dungeon Crawl Stone Soup version 0.30.0-10-gfe55d96785 (webtiles) character file.

Game seed: 4978102836578110485

448 dialectric the Trooper (level 6, -3/57 HPs)
             Began as a Minotaur Cinder Acolyte on May 14, 2023.
             Was a High Priest of Ignis.
             Shot with an arrow by a centaur (10 damage)
             ... on level 5 of the Dungeon.
             The game lasted 00:07:44 (2770 turns).

dialectric the Trooper (Minotaur Cinder Acolyte)    Turns: 2770, Time: 00:07:45

Health: -3/57      AC:  3    Str: 18    XL:     6   Next: 73%
Magic:  6/6        EV: 12    Int: 11    God:    Ignis [*****.]
Gold:   225        SH:  0    Dex:  8    Spells: 7/7 levels left

rFire   + . .        i - +0 rapier
rCold   . . .        (no shield)
rNeg    . . .        b - +0 robe
rPois   .            (helmet restricted)
rElec   .            h - +0 cloak
rCorr   .            (no gloves)
SInv    .            (no boots)
Will    .....        (no amulet)
Stlth   +            (no ring)
HPRegen 0.29/turn    (no ring)
MPRegen 0.10/turn

%: no passive effects
@: no status effects
A: horns 2, retaliatory headbutt
a: Renounce Religion, Fiery Armour, Foxfire Swarm, Rising Flame


You were on level 5 of the Dungeon.
You worshipped Ignis.
Ignis was extremely pleased with you.
You visited 1 branch of the dungeon, and saw 6 of its levels.

You collected 225 gold pieces.

Inventory:

Hand Weapons
 a - a -1 falchion of flaming
 i - a +0 rapier (weapon)
Armour
 b - a +0 robe (worn)
 h - a +0 cloak (worn)
 p - a +0 buckler
Jewellery
 d - a ring of fire
 q - a ring of magical power
Wands
 t - a wand of paralysis (11)
Scrolls
 c - 5 scrolls of identify
 g - 2 scrolls of vulnerability {unknown}
 j - 2 scrolls of enchant armour {unknown}
 k - 2 scrolls of amnesia
 l - a scroll of teleportation {unknown}
 n - a scroll of brand weapon {unknown}
 o - a scroll of poison {unknown}
Potions
 m - a potion of brilliance {unknown}
 r - a potion of resistance
 s - a potion of ambrosia
 u - a potion of curing


   Skills:
 + Level 5.7 Fighting
 + Level 4.1(5.0) Short Blades
 + Level 4.7(5.6) Long Blades
 - Level 1.0 Armour
 + Level 3.0 Dodging
 * Level 1.6 Shields
 - Level 1.0 Spellcasting
 - Level 2.1 Fire Magic


You had 7 spell levels left.
You didn't know any spells.
Your spell library contained the following spells:

 Spells                   Type           Power      Damage    Failure   Level
 Scorch                   Fire           10%        2d5       21%         2
 Volatile Blastmotes      Fire/Tloc      4%         2d10      52%         3
 Dazzling Flash           Conj/Hex       0%         N/A       67%         3
 Iskenderun's Mystic Bla  Conj/Tloc      0%         2d3       97%         4
 Passage of Golubria      Tloc           0%         N/A       97%         4
 Silence                  Hex/Air        0%         N/A       100%        5
 Starburst                Conj/Fire      1%         6d3       100%        6
 Lehudib's Crystal Spear  Conj/Erth      0%         10d2      100%        8


Dungeon Overview and Level Annotations

Branches:
Dungeon (6/15)
 Temple: D:4-7

Altars:
Kikubaaqudgha

Shops:
D:2 =   D:4 :

Annotations:
D:2 1 runed translucent door, Crazy Yiuf, Sigmund
D:4 1 runed translucent door, slitherrr's ghost, novice AtSu
D:6 Maggie


Innate Abilities, Weirdness & Mutations

You have a pair of horns on your head.
You reflexively headbutt those who attack you in melee.


Message History

The black bear attacks as you move away!
The black bear bites you! The black bear claws you.
The black bear barely misses you.
Found a pair of boots.
Found a scroll labelled DOELLU VELE and a green potion.
The black bear attacks as you move away!
The black bear misses you.
The black bear claws you but does no damage.
The black bear barely misses you.
As you read the scroll labelled FADICU QABEC, it crumbles to dust.
The creatures around you are filled with an inner flame!
It was a scroll of immolation.
The black bear closely misses you. The black bear barely misses you. x2
As you read the scroll labelled MYXTOEMPUGG, it crumbles to dust.
It is a scroll of identify.
r - a potion of resistance The black bear bites you.
* * * LOW HITPOINT WARNING * * *
The black bear claws you but does no damage.
The black bear closely misses you.
You feel better. The black bear bites you.
The black bear completely misses you. The black bear claws you.
As you read the scroll labelled GYLANA JAIPN, it crumbles to dust.
You hear a loud clanging noise!
It was a scroll of noise.
You hear a shout! x4
The black bear bites you.
* * * LOW HITPOINT WARNING * * *
The black bear claws you.
* * * LOW HITPOINT WARNING * * *
The black bear closely misses you. Something hits you but does no damage.
As you read the scroll labelled BAUGIU JAUBU, it crumbles to dust.
It is a scroll of amnesia.
You feel forgetful for a moment.
A centaur comes into view.
The black bear bites you!
* * * LOW HITPOINT WARNING * * *
The black bear misses you. The black bear barely misses you.
Something hits you but does no damage.
The centaur wields a +0 shortbow.
The centaur shoots an arrow.
The arrow hits you!
You die...

#........##.....##.....>'.#
#######.###.....##......#)#
#.........##...s..#.#
#####.....#######.#.#
#.....# #.#.. #.....# #.#?o
#.....# #.#.o. ######.h...#
#.#... ..?....@...# #.#
.........$.# #.#
c..........# #.#
..........## #.#
........[.# ###.#
..........# #...#
..!.......# #.###
..........# #.# #.###+##+


You could see a black bear (inner flame) and a centaur.

Vanquished Creatures
  A bullfrog (D:3)
  3 scorpions
  A hound (D:5)
  An iguana (D:5)
  An orc wizard (D:3)
  6 adders
  A white imp (D:5)
  A worm (D:5)
  8 orcs
  4 ball pythons
  4 endoplasms
  3 giant cockroaches
  8 goblins
  5 hobgoblins
  6 jackals
  4 bats
  2 frilled lizards (D:1)
  3 kobolds
  7 rats
69 creatures vanquished.

Notes
Turn   | Place    | Note
-------+----------+-------------------------------------------
     0 | D:1      | dialectric the Minotaur Cinder Acolyte began the quest for
                  | the Orb.
     0 | D:1      | Reached XP level 1. HP: 19/19 MP: 1/1
   137 | D:1      | Reached skill level 4 in Fighting
   190 | D:1      | Reached XP level 2. HP: 26/27 MP: 2/2
   515 | D:2      | Found Teyff's Jewellery Emporium.
   521 | D:2      | Reached XP level 3. HP: 26/34 MP: 3/3
   615 | D:2      | Reached skill level 1 in Short Blades
   806 | D:2      | Found a runed translucent door.
   807 | D:2      | Noticed Crazy Yiuf
   881 | D:2      | Found a faded altar of an unknown god.
   883 | D:2      | Noticed Sigmund
  1337 | D:3      | Noticed a bullfrog
  1353 | D:3      | Killed a bullfrog
  1354 | D:3      | Reached skill level 1 in Dodging
  1354 | D:3      | Reached XP level 4. HP: 8/41 MP: 4/4
  1528 | D:3      | Noticed a scorpion
  1656 | D:3      | Killed a scorpion
  1657 | D:3      | Reached skill level 5 in Fighting
  1657 | D:3      | Reached XP level 5. HP: 44/48 MP: 5/5
  1940 | D:3      | Reached skill level 1 in Armour
  2088 | D:4      | Noticed an ogre
  2187 | D:4      | Found Nikluit's Self-Improvement Boutique.
  2314 | D:4      | Found a runed translucent door.
  2316 | D:4      | Noticed slitherrr's ghost (novice AtSu)
  2438 | D:5      | Entered Level 5 of the Dungeon
  2473 | D:5      | Found an ancient bone altar of Kikubaaqudgha.
  2480 | D:5      | Reached XP level 6. HP: 34/56 MP: 6/6
  2687 | D:6      | Noticed Maggie
  2718 | D:5      | Reached skill level 1 in Shields
  2770 | D:5      | Shot with an arrow by a centaur

Illustrated notes

Levels and vault maps discovered:
D:1:      dpeg_arrival_rooms_a, layout_loops_ring, minmay_misc_feat_enclosed,
          minmay_tiny_reverse_x
D:2:      layout_basic, hellmonk_ecumenical_altar_slurped_away, serial_shops,
          shop, nrook_loot_triangle, uniq_robin, uniq_sigmund,
          uniq_crazy_yiuf_cottage
D:3:      layout_rooms, minmay_misc_feat_x
D:4:      layout_basic, ebering_ghost_reflecting_pool,
          chequers_serial_rivers_large_a, nicolae_shop_self_help
D:5:      layout_basic, mainiacjoe_overflow_24_doors
D:6:      layout_layer_cave, mainiacjoe_overflow_catwalk,
          lemuel_temple_firewalk_a, nicolae_shop_gadgets, uniq_maggie,
          uniq_menkaure

Skill      XL: |  1  2  3  4  5  6 |
---------------+-------------------+-----
Fighting       | 4 5 |  5.7
Long Blades    | 4 |  4.7
Short Blades   | 2 3 4 |  4.1
Dodging        | 1 2 3 |  3.0
Armour         | 1 |  1.0
Shields        | 1 |  1.6
Spellcasting   | |  1.0
Fire Magic     | |  2.1

Action                     |  1- 3 |  4- 6 || total
---------------------------+-------+-------++-------
  Melee: Falchion          |    23 |       ||    23
         Headbutt          |     7 |    16 ||    23
         Rapier            |    77 |   100 ||   177
         Punch             |       |     2 ||     2
  Evoke: Wand              |       |     1 ||     1
    Use: Potion            |     2 |     2 ||     4
         Scroll            |       |     5 ||     5
   Stab: Paralysed         |       |     5 ||     5
 Armour: Robe              |    30 |    29 ||    59
  Dodge: Dodged            |    65 |    77 ||   142
